 Dungeon Crawl Stone Soup version 0.26.1 (webtiles) character file.

Game seed: 8015787456738155406

270 Marvel the Chiller (level 6, -3/32 HPs)
             Began as a Deep Elf Ice Elementalist on Feb 7, 2021.
             Slain by a wyvern zombie (11 damage)
             ... in an ossuary.
             The game lasted 00:09:38 (3082 turns).

Marvel the Chiller (Deep Elf Ice Elementalist)      Turns: 3082, Time: 00:09:38

Health: -3/32      AC:  4    Str:  5    XL:     6   Next: 1%
Magic:  16/16      EV: 17    Int: 22    God:
Gold:   115        SH:  0    Dex: 15    Spells: 8/16 levels left

rFire    . . .     SeeInvis .   q - +6 dagger (speed)
rCold    . . .     Faith    .   (no shield)
rNeg     . . .     Spirit   .   a - +0 robe
rPois    .         Reflect  .   (no helmet)
rElec    .         Harm     .   l - +0 cloak
rCorr    .         Rampage  .   k - +0 pair of gloves
Will     .....                  (no boots)
Stlth    ++........             b - amulet of magic regeneration
HPRegen  0.10/turn              d - +4 ring of evasion
MPRegen  0.40/turn              (no ring)

@: no status effects
A: no striking features
a: no special abilities


You were in an ossuary.
You visited 1 branch of the dungeon, and saw 4 of its levels.
You also visited: Ossuary.

You collected 115 gold pieces.

Inventory:

Hand Weapons
 q - a +6 dagger of speed (weapon)
 s - a +0 dagger of venom
Armour
 a - a +0 robe (worn)
 k - a +0 pair of gloves (worn)
 l - a +0 cloak (worn)
Jewellery
 b - an amulet of magic regeneration (around neck)
 d - a +4 ring of evasion (left hand)
Wands
 i - a wand of disintegration (16)
Scrolls
 e - a scroll of immolation
 g - a scroll of remove curse
 o - a scroll of amnesia
Potions
 c - a potion of berserk rage {unknown}
 f - 3 potions of might {unknown}
 j - 4 potions of curing {unknown}
 m - a potion of mutation {unknown}
 n - a potion of brilliance {unknown}
 p - a potion of cancellation {unknown}
 r - a potion of lignification {unknown}
 u - a potion of flight


   Skills:
 + Level 0.2 Fighting
 + Level 1.8 Short Blades
 + Level 3.1 Dodging
 + Level 2.6 Stealth
 + Level 0.1 Unarmed Combat
 + Level 5.6 Spellcasting
 + Level 0.4 Summonings
 + Level 5.9 Ice Magic


You had 8 spell levels left.
You knew the following spells:

 Your Spells              Type           Power        Failure   Level
a - Freeze                Ice            100%         1%          1
b - Ozocubu's Armour      Ice            32%          2%          3
c - Summon Ice Beast      Ice/Summ       20%          26%         4

Your spell library contained the following spells:

 Spells                   Type           Power        Failure   Level
 Frozen Ramparts          Ice            64%          2%          3
 Hailstorm                Conj/Ice       19%          28%         4


Dungeon Overview and Level Annotations

Branches:
Dungeon (4/15)            Ossuary (1/1)
 Temple: D:4-7

Altars:
Ashenzari
Fedhas
Gozag


Message History

You hit the wyvern zombie.
The wyvern zombie is lightly damaged.
Your ice beast barely misses the wyvern zombie.
You hit the wyvern zombie.
The wyvern zombie is moderately damaged.
The wyvern zombie completely misses you.
Your ice beast barely misses the wyvern zombie.
You hit the wyvern zombie.
The wyvern zombie is moderately damaged.
The wyvern zombie barely misses you.
You completely miss the wyvern zombie.
The wyvern zombie is moderately damaged.
Your ice beast hits the wyvern zombie.
Your ice beast freezes the wyvern zombie.
The wyvern zombie resists.
The wyvern zombie bites you!
* * * LOW HITPOINT WARNING * * *
You hit the wyvern zombie.
The wyvern zombie is heavily damaged.
The wyvern zombie bites you!
You die...

# #. '#+#
..+
#####.###
#...#.'.#
#.∩YZ.###
#∩.@#.+
#####.#
+.+ #.#
#.+ '.#
#.+ #.#
..'


You could see a wyvern zombie and a friendly ice beast (summoned).

Vanquished Creatures
  A centaur zombie (Ossuary)
  3 mummies (Ossuary)
  2 gnolls (D:3)
  An adder (D:3)
  A shadow imp (D:2)
  An adder zombie (Ossuary)
  4 worms
  2 dart slugs (D:1)
  2 leopard geckos
  6 orcs (D:3)
  3 ball pythons
  8 bats
  6 giant cockroaches
  8 goblins
  6 hobgoblins
  3 frilled lizards
  6 kobolds
  A leopard gecko zombie (Ossuary)
  7 rats
71 creatures vanquished.

Vanquished Creatures (collateral kills)
  A bullfrog zombie (Ossuary)
  3 mummies (Ossuary)
  A worker ant zombie (Ossuary)
  2 gnolls (D:3)
7 creatures vanquished.

Vanquished Creatures (others)
  2 withered plants (Ossuary)
2 creatures vanquished.

Grand Total: 80 creatures vanquished

Notes
Turn   | Place    | Note
-------+----------+-------------------------------------------
     0 | D:1      | Marvel the Deep Elf Ice Elementalist began the quest for
                  | the Orb.
     0 | D:1      | Reached XP level 1. HP: 10/10 MP: 6/6
   268 | D:1      | Reached XP level 2. HP: 15/15 MP: 5/8
   342 | D:1      | Reached skill level 5 in Ice Magic
   708 | D:1      | You fall into a shaft and drop 1 floor!
   721 | D:2      | Reached XP level 3. HP: 19/19 MP: 6/10
   725 | D:2      | Learned a level 3 spell: Ozocubu's Armour
   766 | D:2      | Found a broken altar of Ashenzari.
  1891 | D:3      | Found a blossoming altar of Fedhas.
  1954 | D:3      | Reached XP level 4. HP: 24/24 MP: 10/12
  2514 | D:3      | Learned a level 4 spell: Summon Ice Beast
  2587 | D:3      | Reached skill level 5 in Spellcasting
  2940 | D:4      | Found an opulent altar of Gozag.
  2942 | D:4      | Found a sand-covered staircase.
  2947 | Ossuary  | Entered an ossuary
  2960 | Ossuary  | Reached XP level 5. HP: 21/28 MP: 10/14
  2990 | Ossuary  | Reached skill level 1 in Short Blades
  3057 | Ossuary  | Reached XP level 6. HP: 14/32 MP: 13/16
  3082 | Ossuary  | Slain by a wyvern zombie

Illustrated notes

Levels and vault maps discovered:
D:1:      minmay_arrival_loop, layout_basic
D:2:      layout_basic, ashenzari_altar_1, chequers_garden
D:3:      layout_rooms, lemuel_crystal_altar, roderic_cross_of_infinity
D:4:      layout_basic, nicolae_gozag_cash_rules_everything_around_me,
          okawaru_altar_gauntlet_db, enter_ossuary_2, serial_shops,
          nicolae_shop_behind_doors
Ossuary:  ossuary_zaba_flooded

Skill      XL: |  1  2  3  4  5 |
---------------+----------------+-----
Ice Magic      | 5 |  5.9
Spellcasting   | 4 5 |  5.6
Short Blades   | 1 |  1.8
Dodging        | 3 |  3.1
Fighting       | |  0.2
Stealth        | |  2.6
Unarmed Combat | |  0.1
Summonings     | |  0.4

Action                   |  1- 3 |  4- 6 || total
-------------------------+-------+-------++-------
Melee: Unarmed           |     8 |       ||     8
       Dagger            |       |    66 ||    66
 Cast: Freeze            |    80 |    35 ||   115
       Ozocubu's Armour  |     4 |       ||     4
       Summon Ice Beast  |       |     5 ||     5
  Use: Scroll            |       |     9 ||     9
 Stab: Sleeping          |     2 |       ||     2
Armor: Robe              |     6 |     7 ||    13
Dodge: Dodged            |    46 |    55 ||   101
